 Dungeon Crawl Stone Soup version 0.23.1-37-gaa34b87b72 (webtiles) character file.

Game seed: 7914913674879390446

2707 Peloso the Carver (level 9, -13/75 HPs)
             Began as a Minotaur Fighter on Mar 28, 2019.
             Was an Initiate of Okawaru.
             Killed from afar by a wizard (16 damage)
             ... with a bolt of cold
             ... on level 7 of the Dungeon.
             The game lasted 00:13:58 (6164 turns).

Peloso the Carver (Minotaur Fighter)                Turns: 6164, Time: 00:13:58

Health: -13/75     AC: 13    Str: 22    XL:     9   Next: 39%
Magic:  8/8        EV: 14    Int:  5    God:    Okawaru [......]
Gold:   313        SH: 12    Dex: 22    Spells: 8/8 levels left

rFire    . . .     SeeInvis .   a - +1 falchion (freeze)
rCold    . . .     Gourm    .   c - +0 shield
rNeg     . . .     Faith    .   y - +0 chain mail
rPois    .         Spirit   .   (helmet restricted)
rElec    .         Reflect  .   C - +0 cloak
rCorr    .         Harm     .   (no gloves)
MR       .....                  B - +0 pair of boots
Stlth    ..........             p - amulet of rage
HPRegen  0.22/turn              F - +5 ring of dexterity
MPRegen  0.11/turn              (no ring)

@: agile, about to teleport, slowed, very slow
A: retaliatory headbutt, horns 2
a: Renounce Religion, Evoke Berserk Rage


You were on level 7 of the Dungeon.
You worshipped Okawaru.
Okawaru was noncommittal.
You were hungry.

You visited 2 branches of the dungeon, and saw 8 of its levels.
You also visited: Ossuary.

You collected 313 gold pieces.

Inventory:

Hand Weapons
 a - a +1 falchion of freezing (weapon)
 t - a +0 dagger of flaming
Armour
 b - a +0 scale mail
 c - a +0 shield (worn)
 y - a +0 chain mail (worn)
 B - a +0 pair of boots (worn)
 C - a +0 cloak (worn)
Jewellery
 g - an uncursed amulet of magic regeneration
 p - an amulet of rage (around neck)
 F - a +5 ring of dexterity (left hand)
Wands
 G - a wand of paralysis (12)
 H - a wand of iceblast (6)
Scrolls
 d - 3 scrolls of teleportation
 e - 2 scrolls of amnesia
 j - a scroll of noise {unknown}
 l - 2 scrolls of enchant weapon {unknown}
 n - 6 scrolls of identify {unknown}
 q - a scroll of magic mapping {unknown}
 u - 2 scrolls of fog {unknown}
 w - 2 scrolls of silence {unknown}
 x - a scroll of random uselessness {unknown}
 A - a scroll of fear {unknown}
 D - a scroll of blinking {unknown}
 E - 3 scrolls of remove curse {unknown}
Potions
 h - 3 potions of degeneration {unknown}
 i - a potion of heal wounds {unknown}
 k - 3 potions of curing
 o - 2 potions of mutation {unknown}
 r - 2 potions of brilliance {unknown}
 s - 2 potions of resistance {unknown}
 v - 2 potions of lignification {unknown}
 z - a potion of flight {unknown}
Comestibles
 f - 11 rations


   Skills:
 + Level 6.1 Fighting
 + Level 10.4 Long Blades
 + Level 7.5 Armour
 + Level 4.1 Dodging
 + Level 0.6 Stealth
 + Level 7.4 Shields


You had 8 spell levels left.
You didn't know any spells.
Your spell library was empty.

Dungeon Overview and Level Annotations

Branches:
Dungeon (7/15)             Temple (1/1) D:6

Altars:
Ashenzari
Cheibriados
Dithmenos
Elyvilon
Fedhas
Kikubaaqudgha
Nemelex Xobeh
Okawaru
Qazlal
Ru
Sif Muna
Trog
Uskayaw
Vehumet
Wu Jian
Yredelemnul
Zin
The Shining One


Innate Abilities, Weirdness & Mutations

You reflexively headbutt those who attack you in melee.
You have a pair of horns on your head.


Message History

You feel agile all of a sudden. You block the wizard's attack.
You hit the wizard. You freeze the wizard. You headbutt the wizard.
The wizard is moderately wounded.
The wizard hits you but does no damage.
The orc sorcerer casts a spell.
The wizard casts a spell at you. The bolt of cold hits you!!!
Ouch! That really hurt!
* * * LOW HITPOINT WARNING * * *
The killer bee misses you. You furiously retaliate!
You headbutt the killer bee!
You riposte.
You completely miss the killer bee. Your headbutt misses the killer bee.
The killer bee is severely wounded.
You hear an angry buzzing noise. x2
As you read the scroll of teleportation, it crumbles to dust.
You feel strangely unstable.
A killer bee comes into view.
The wizard casts a spell at you. The bolt of cold hits you!
You die...

##..............#.##....##......
.................#........#......
..≈≈≈≈≈≈≈....4...#........#......
.≈≈##3##≈≈..y....#.).(....'......
.≈ #yp.##≈...o...#.##'#####......
. #...(y#≈....3###.##....####'###
≈... .3.yo....'y........#.......
≈#.! %.#≈.....#py.......#.......
..##≈.....#@.....(..#.......
##.##≈≈.....#...###'###.......
≈≈.≈≈≈.....######.....(.......
.........### ##############
...#.....# ......#...... #.....#
.(........... #.....#
............. .......#
#######'####. .........
#.....#...##.


You could see an ice devil, a wizard, a sixfirhy, an orc sorcerer and 3 killer
bees.

Vanquished Creatures
  Eustachio (D:4)
  An orc warrior (D:6)
  3 sky beasts
  2 phantoms
  2 ogres (D:4)
  3 centaurs
  A crocodile (D:7)
  3 elf zombies (Ossuary)
  3 bullfrogs (D:6)
  A water moccasin zombie (D:5)
  3 scorpions
  A crimson imp (D:5)
  A centaur zombie (Ossuary)
  A quasit (D:3)
  4 hounds
  A jelly (D:5)
  Crazy Yiuf (D:5)
  3 orc priests
  6 orc wizards
  2 iguanas
  3 worker ants
  A big kobold zombie (Ossuary)
  2 mummies (Ossuary)
  A howler monkey skeleton (D:5)
  8 adders
  A shadow imp (D:5)
  3 oozes
  3 adder zombies (Ossuary)
  A dart slug (D:3)
  3 worms
  3 leopard geckos
  20 orcs
  2 ball pythons
  8 bats
  5 giant cockroaches
  7 goblins
  6 hobgoblins
  7 jackals
  6 kobolds
  5 quokkas
  3 frilled lizards
  2 goblin zombies (Ossuary)
  5 hobgoblin zombies (Ossuary)
  A jackal zombie (Ossuary)
  9 kobold zombies (Ossuary)
  12 orc zombies (Ossuary)
  A quokka skeleton (D:6)
  A quokka zombie (D:5)
  7 rats
179 creatures vanquished.

Notes
Turn   | Place    | Note
-------+----------+-------------------------------------------
     0 | D:1      | Peloso the Minotaur Fighter began the quest for the Orb.
     0 | D:1      | Reached XP level 1. HP: 19/19 MP: 0/0
    99 | D:1      | Reached XP level 2. HP: 16/27 MP: 1/1
   579 | D:2      | Found a sparkling altar of Nemelex Xobeh.
   693 | D:2      | Reached XP level 3. HP: 29/33 MP: 2/2
   774 | D:2      | Reached skill level 3 in Long Blades
   863 | D:2      | Found a bloodstained altar of Trog.
  1055 | D:2      | Reached XP level 4. HP: 36/40 MP: 3/3
  1362 | D:3      | Reached skill level 4 in Long Blades
  1450 | D:3      | Reached XP level 5. HP: 26/47 MP: 4/4
  1959 | D:3      | Noticed a sky beast
  1976 | D:3      | Killed a sky beast
  1976 | D:3      | Reached skill level 5 in Long Blades
  1976 | D:3      | Reached skill level 1 in Dodging
  1976 | D:3      | Reached XP level 6. HP: 18/53 MP: 5/5
  2222 | D:3      | Reached skill level 5 in Shields
  2694 | D:4      | Reached skill level 6 in Long Blades
  2711 | D:4      | Reached skill level 5 in Armour
  2711 | D:4      | Reached XP level 7. HP: 60/60 MP: 6/6
  2814 | D:4      | Reached skill level 5 in Fighting
  2978 | D:4      | Reached skill level 7 in Long Blades
  3251 | D:4      | Found a sand-covered staircase.
  3252 | D:4      | Noticed Eustachio
  3281 | D:4      | Killed Eustachio
  3281 | D:4      | Reached XP level 8. HP: 55/68 MP: 7/7
  3291 | Ossuary  | Entered an ossuary
  3720 | Ossuary  | Reached skill level 8 in Long Blades
  3935 | D:4      | Found a basalt altar of Yredelemnul.
  3935 | D:4      | Found a deep blue altar of Sif Muna.
  3954 | D:5      | Entered Level 5 of the Dungeon
  4120 | D:5      | Found a hide-covered altar of Uskayaw.
  4189 | D:5      | Reached skill level 9 in Long Blades
  4530 | D:5      | Found a runed translucent door.
  4531 | D:5      | Noticed Crazy Yiuf
  4727 | D:5      | Killed Crazy Yiuf
  4764 | D:6      | Reached skill level 10 in Long Blades
  4764 | D:6      | Reached XP level 9. HP: 71/75 MP: 8/8
  4925 | D:6      | Found a staircase to the Ecumenical Temple.
  4945 | Temple   | Entered the Ecumenical Temple
  5042 | Temple   | Became a worshipper of Warmaster Okawaru
  6147 | D:7      | Noticed a wizard
  6148 | D:7      | Noticed a wizard
  6148 | D:7      | Noticed an orc sorcerer
  6155 | D:7      | Noticed a sixfirhy
  6163 | D:7      | HP: 2/75 [wizard/bolt of cold (38)]
  6164 | D:7      | Noticed an ice devil
  6164 | D:7      | Killed from afar by a wizard

Skill      XL: |  1  2  3  4  5  6  7  8  9 |
---------------+----------------------------+-----
Shields        | 4 5 6 7 |  7.4
Fighting       | 4 5 6 |  6.1
Long Blades    | 3 4 5 6 7 10 | 10.4
Armour         | 4 5 6 7 |  7.5
Dodging        | 1 2 3 4 |  4.1
Stealth        | |  0.6

Action                   |  1- 3 |  4- 6 |  7- 9 || total
-------------------------+-------+-------+-------++-------
Melee: Long sword        |    94 |   138 |    65 ||   297
       Headbutt          |     7 |    23 |    95 ||   125
       Falchion          |       |       |   296 ||   296
  Use: Potion            |       |     3 |     3 ||     6
       Scroll            |       |     1 |     2 ||     3
  Eat: Chunk             |     1 |     4 |     5 ||    10
       Ration            |       |       |     2 ||     2
Armor: Scale mail        |    54 |    57 |    63 ||   174
       Chain mail        |       |       |    46 ||    46
Dodge: Dodged            |    38 |    43 |    91 ||   172
Block: Shield            |    54 |    70 |   138 ||   262
       Rpst.: Long sword |     8 |    15 |     7 ||    30
       Falchion          |       |       |    15 ||    15
